 Dungeon Crawl Stone Soup version 0.14-a0-2474-g7d54a28 (webtiles) character file.

214 MrRokkomies the Vexing (level 5, -13/24 HPs)
             Began as a Vine Stalker Enchanter on Feb 8, 2014.
             Was an Initiate of Ashenzari.
             Mangled by a goliath beetle (21 damage)
             ... on Level 4 of the Dungeon.
             The game lasted 00:08:36 (1919 turns).

MrRokkomies the Vexing (Vine Stalker Enchanter)     Turns: 1919, Time: 00:08:36

HP -13/24        AC  5     Str 14      XL: 5   Next:  9%
MP   0/11        EV 12     Int 16      God: Ashenzari [......]
Gold 88          SH  0     Dex 15      Spells:  3 memorised,  2 levels left

rFire  . . .     SeeInvis +     a - +2,+1 dagger
rCold  . . .     Clarity  .     b - +1 robe
rNeg   . . .     Conserve .     (no shield)
rPois  .         rCorr    .     (no helmet)
rElec  .         rRot     +     e - +0 dwarf cloak (curse)
SustAb . .       Spirit   +     (no gloves)
rMut   .         Warding  .     j - +0 pair of elf boots
Saprov . . .     Stasis   .     (no amulet)
MR     .....                    k - ring of see invisible
                                g - +4 ring of strength

@: not resistant to hostile enchantments, stealthy
A: fangs 2, regeneration 1, magic shield, antimagic bite, no device heal
a: Renounce Religion


You were on level 4 of the Dungeon.
You worshipped Ashenzari.
Ashenzari was noncommittal.
You were not hungry.

You visited 1 branch of the dungeon, and saw 4 of its levels.

You collected 88 gold pieces.

Inventory:

Hand weapons
 a - a +2,+1 dagger (weapon)
 l - a +0,+0 long sword
Missiles
 d - 9 darts (quivered)
Armour
 b - a +1 robe (worn)
 e - a cursed +0 dwarven cloak (worn)
 j - a +0 pair of elven boots (worn)
Magical devices
 u - a wand of digging (4)
Comestibles
 f - 2 bread rations
 n - a chunk of rat flesh
 s - a rotting chunk of ball python flesh
 t - a chunk of adder flesh
Scrolls
 i - 2 scrolls of immolation
 m - a scroll of noise
 o - 2 scrolls of recharging
 p - a scroll of remove curse
 q - a scroll of curse weapon
Jewellery
 g - a +4 ring of strength (left hand)
 k - a ring of see invisible (right hand)
Potions
 h - 3 potions of curing
Books
 c - a book of Maledictions

   Spells                             Type                      Level
   *Corona                            Hexes                        1
   Sure Blade                         Hexes/Charms                 2
   *Ensorcelled Hibernation           Hexes/Ice                    2
   *Confuse                           Hexes                        3
   Enslavement                        Hexes                        4
   Invisibility                       Hexes                        6


   Skills:
 * Level 2.2 Short Blades
 - Level 0.8 Throwing
 - Level 1.5 Dodging
 - Level 2.4 Stealth
 - Level 2.1 Spellcasting
 + Level 5.0 Hexes


You had 2 spell levels left.
You knew the following spells:

 Your Spells              Type           Power        Failure   Level  Hunger
a - Corona                Hex            ###....      2%          1    #......
b - Ensorcelled Hibernat  Hex/Ice        #.....       12%         2    ##.....
c - Confuse               Hex            ###.....     10%         3    ####...


Dungeon Overview and Level Annotations

Branches:
Dungeon (4/16)
 Temple: D:4-7

Altars:
Ashenzari


Innate Abilities, Weirdness & Mutations

You have extremely sharp teeth.
Your natural rate of healing is unusually fast.
When hurt, damage is shared between your health and your magic reserves.
Your bite disrupts and absorbs the magic of your enemies.
Potions and wands cannot restore your HP.


Message History

You bite the goliath beetle. You drain its power.
You feel invigorated.
The goliath beetle is moderately wounded.
You hit the goliath beetle but do no damage.
You bite the goliath beetle, but do no damage.
The goliath beetle is moderately wounded.
You barely miss the goliath beetle.
The goliath beetle is moderately wounded.
You hit the goliath beetle. You bite the goliath beetle. You drain its power.
The goliath beetle is moderately wounded.
The goliath beetle bites you!
Ouch! That really hurt!
* * * LOW HITPOINT WARNING * * *
You barely miss the goliath beetle.
The goliath beetle is moderately wounded.
You hit the goliath beetle but do no damage.
You bite the goliath beetle, but do no damage.
The goliath beetle is moderately wounded.
The goliath beetle bites you!
Ouch! That really hurt!
You die...

####### #######...#######
##...###...###...##
##....###...###....##
##..#..##.B@..##..#..##
#..##..#...#...#..##..#
#..###....###....###..#
#..###....###....###..#
###..####...###...####..####
#....#################.....#
#...##,,,,,,,,,*
*,,,##....###
#.(##,,,,,,,,,,*
*,,,,##......
#..#,,,,,,,,,,,*
**...........


You could see a goliath beetle.

Vanquished Creatures
  A worker ant (D:3)
  Ijyb (D:2)
  4 adders
  A worm (D:3)
  2 giant geckos
  An orc (D:3)
  3 giant cockroaches
  4 goblins
  5 hobgoblins
  8 kobolds
  A quokka (D:3)
  2 ball pythons (D:3)
  4 bats
  A giant newt (D:1)
  An orc skeleton (D:3)
  6 rats
45 creatures vanquished.

Notes
Turn   | Place    | Note
--------------------------------------------------------------
     0 | D:1      | MrRokkomies, the Vine Stalker Enchanter, began the quest for the Orb.
     0 | D:1      | Reached XP level 1. HP: 9/9 MP: 3/3
    17 | D:1      | Reached skill level 1 in Short Blades
    93 | D:1      | Reached XP level 2. HP: 13/13 MP: 5/5
   611 | D:2      | Learned a level 2 spell: Ensorcelled Hibernation
   722 | D:2      | Noticed Ijyb
   743 | D:2      | Killed Ijyb
   743 | D:2      | Reached XP level 3. HP: 9/16 MP: 1/7
   760 | D:2      | Learned a level 3 spell: Confuse
   842 | D:2      | Reached skill level 4 in Hexes
   990 | D:2      | Reached XP level 4. HP: 17/21 MP: 0/8
  1601 | D:3      | Found a shattered altar of Ashenzari.
  1646 | D:3      | Became a worshipper of Ashenzari the Shackled
  1696 | D:4      | Noticed an ogre
  1798 | D:4      | Reached XP level 5. HP: 24/24 MP: 11/11
  1826 | D:4      | Reached skill level 5 in Hexes
  1919 | D:4      | Mangled by a goliath beetle

Action                   |  1- 3 |  4- 6 || total
-------------------------+-------+-------++-------
Melee: Dagger            |    77 |    62 ||   139
Throw: Dart              |       |     3 ||     3
 Cast: Ensorcelled Hiber |     4 |    11 ||    15
Evoke: Wand              |       |     1 ||     1
  Use: Scroll            |     4 |     4 ||     8
 Stab: Sleeping          |     6 |    11 ||    17
